 Dungeon Crawl Stone Soup version 0.29-a0-82-g837932c90e (webtiles) character file.

Game seed: 1119169025072460334

461 robertstho the Archer (level 6, 0/57 HPs)
             Began as a Minotaur Hunter on Feb 4, 2022.
             Was an Initiate of Okawaru.
             Slain by an orc priest (3 damage)
             ... on level 5 of the Dungeon.
             The game lasted 00:05:50 (3409 turns).

robertstho the Archer (Minotaur Hunter)             Turns: 3409, Time: 00:05:51

Health: 0/57       AC:  6    Str: 16    XL:     6   Next: 79%
Magic:  14/14      EV: 10    Int:  8    God:    Okawaru [......]
Gold:   147        SH:  0    Dex: 13    Spells: 5/5 levels left

rFire   . . .      SeeInvis .   a - +1 shortbow
rCold   . . .      Faith    .   (shield currently unavailable)
rNeg    . . .      Spirit   .   l - +0 scale mail
rPois   .          Reflect  .   (helmet restricted)
rElec   .          Harm     .   (no cloak)
rCorr   .          Rampage  .   (no gloves)
Will    .....                   (no boots)
Stlth   ..........              (no amulet)
HPRegen 0.19/turn               p - ring of magical power
MPRegen 0.14/turn               (no ring)

@: no status effects
A: horns 2, retaliatory headbutt, robust 1
a: Renounce Religion


You were on level 5 of the Dungeon.
You worshipped Okawaru.
Okawaru was noncommittal.
You visited 2 branches of the dungeon, and saw 6 of its levels.

You collected 147 gold pieces.

Inventory:

Hand Weapons
 a - a +1 shortbow (weapon)
 k - a +0 war axe
Missiles
 d - 15 arrows (quivered ammo)
Armour
 l - a +0 scale mail (worn)
Jewellery
 p - a ring of magical power (left hand)
Wands
 c - a wand of digging (5)
Scrolls
 e - a scroll of fog {unknown}
 g - 2 scrolls of teleportation
 h - 5 scrolls of identify {unknown}
 j - a scroll of blinking {unknown}
 n - a scroll of torment {unknown}
 o - a scroll of enchant armour {unknown}
 r - a scroll of holy word {unknown}
Potions
 b - a potion of mutation
 i - a potion of curing
 m - a potion of magic {unknown}
 q - a potion of brilliance {unknown}


   Skills:
 * Level 4.1 Fighting
 * Level 8.2 Bows
 + Level 1.4 Armour
 + Level 2.3 Dodging
 + Level 1.0 Stealth


You had 5 spell levels left.
You didn't know any spells.
Your spell library contained the following spells:

 Spells                   Type           Power      Damage    Failure   Level
 Shock                    Conj/Air       0%         1d3       85%         1
 Dazzling Flash           Conj/Hex       0%         N/A       99%         3
 Swiftness                Air            0%         N/A       99%         3
 Airstrike                Air            0%         N/A       100%        4
 Agony                    Necr           0%         N/A       100%        5
 Silence                  Hex/Air        0%         N/A       100%        5


Dungeon Overview and Level Annotations

Branches:
Dungeon (5/15)             Temple (1/1) D:5

Altars:
Ashenzari
Dithmenos
Fedhas
Okawaru


Innate Abilities, Weirdness & Mutations

You have a pair of horns on your head.
You reflexively headbutt those who attack you in melee.
You are robust. (+10% HP)


Message History

Press: ? - help, Q - select action Shift-Dir - straight line, f/p - orc priest
Aim: an orc priest, wielding a +0 rapier and wearing a +0 ring mail (69% to hit)
You shoot an arrow. The arrow hits the orc priest.
The orc priest is lightly wounded.
Fire: 20 arrows
Press: ? - help, Q - select action Shift-Dir - straight line, f/p - orc priest
Aim: an orc priest, wielding a +0 rapier and wearing a +0 ring mail (lightly wounded, 69% to hit)
You shoot an arrow.
The arrow hits the orc priest but does no damage.
The orc priest is lightly wounded.
A bullfrog comes into view.
The orc priest closely misses you.
Fire: 19 arrows
Press: ? - help, Q - select action Shift-Dir - straight line, f/p - orc priest
Aim: an orc priest, wielding a +0 rapier and wearing a +0 ring mail (lightly wounded, 69% to hit)
You shoot an arrow.
The arrow closely misses the orc priest.
The orc priest casts a cantrip, but nothing happens.
Fire: 18 arrows
Press: ? - help, Q - select action Shift-Dir - straight line, f/p - orc priest
Aim: an orc priest, wielding a +0 rapier and wearing a +0 ring mail (lightly wounded, 69% to hit)
You shoot an arrow.
The arrow hits the orc priest but does no damage.
The orc priest is lightly wounded.
The orc priest hits you with a +0 rapier.
* * * LOW HITPOINT WARNING * * *
Fire: 17 arrows
Press: ? - help, Q - select action Shift-Dir - straight line, f/p - orc priest
Aim: an orc priest, wielding a +0 rapier and wearing a +0 ring mail (lightly wounded, 69% to hit)
You shoot an arrow.
The arrow closely misses the orc priest.
The orc priest hits you with a +0 rapier.
* * * LOW HITPOINT WARNING * * *
Fire: 16 arrows
Press: ? - help, Q - select action Shift-Dir - straight line, f/p - orc priest
Aim: an orc priest, wielding a +0 rapier and wearing a +0 ring mail (lightly wounded, 69% to hit)
You shoot an arrow. The arrow hits the orc priest.
The orc priest is heavily wounded.
The orc priest hits you with a +0 rapier.
You die...

###### ..... .... #.. ####
#######..########...####+
>........>.(.(.(......... ..
.........o)............ ...
#.......@##...##.....# . ....
#..##..F.##...##.....##..
....##..##....##..............
...............#..............
...............+..............
##..#.§§§.###.###..##(##(.####
##.....§§..##.###..##.##).#
#.....§.§.......'......#....
#...............#......#(....


You could see a bullfrog and an orc priest.

Vanquished Creatures
  A water moccasin (D:4)
  A scorpion (D:4)
  2 hounds
  A gnoll shaman (D:5)
  An orc wizard (D:5)
  4 adders
  6 gnolls (D:5)
  A worm (D:2)
  10 orcs
  5 ball pythons
  An endoplasm (D:1)
  5 giant cockroaches
  10 goblins
  5 hobgoblins
  4 jackals (D:3)
  4 quokkas
  5 bats
  A frilled lizard (D:3)
  4 kobolds
  8 rats
79 creatures vanquished.

Notes
Turn   | Place    | Note
-------+----------+-------------------------------------------
     0 | D:1      | robertstho the Minotaur Hunter began the quest for the Orb.
     0 | D:1      | Reached XP level 1. HP: 18/18 MP: 0/0
   136 | D:1      | Reached XP level 2. HP: 25/25 MP: 1/1
   168 | D:1      | Reached skill level 5 in Bows
   304 | D:1      | Found a faded altar of an unknown god.
  1013 | D:2      | Reached XP level 3. HP: 30/30 MP: 2/2
  1031 | D:2      | You fall into a shaft and drop 2 floors!
  1434 | D:4      | Reached skill level 6 in Bows
  1434 | D:4      | Reached XP level 4. HP: 33/37 MP: 3/3
  1603 | D:4      | Noticed a scorpion
  1610 | D:4      | Killed a scorpion
  1611 | D:4      | Reached skill level 1 in Stealth
  1611 | D:4      | Reached XP level 5. HP: 45/45 MP: 4/4
  1674 | D:4      | Noticed a water moccasin
  1680 | D:4      | Killed a water moccasin
  1681 | D:4      | Reached skill level 7 in Bows
  2108 | D:3      | Reached XP level 6. HP: 51/51 MP: 5/5
  2788 | D:3      | Reached skill level 1 in Armour
  2865 | D:5      | Entered Level 5 of the Dungeon
  2883 | D:5      | Found a staircase to the Ecumenical Temple.
  2908 | D:5      | Reached skill level 8 in Bows
  3235 | D:5      | Noticed an orc warrior
  3237 | D:5      | Gained mutation: You are robust. (+10% HP) [potion of
                  | mutation]
  3237 | D:5      | Gained mutation: Your spells are a little easier to cast,
                  | but a little less powerful. [potion of mutation]
  3237 | D:5      | Lost mutation: Your spells are a little easier to cast, but
                  | a little less powerful. [potion of mutation]
  3326 | Temple   | Entered the Ecumenical Temple
  3336 | Temple   | Became a worshipper of Warmaster Okawaru
  3409 | D:5      | Slain by an orc priest

Illustrated notes

Levels and vault maps discovered:
D:1:      dpeg_arrival_concentric_ovals, layout_rooms,
          hellmonk_ecumenical_altar_arch_garden
D:2:      layout_basic, hex_large, hangedman_decor_points
D:3:      layout_loops_cross
D:4:      layout_gridville
D:5:      layout_gridville, minmay_temple_entry_purple_smoke, uniq_grinder
Temple:   compressed_dpeg_triangle_lava_temple

Skill      XL: |  1  2  3  4  5  6 |
---------------+-------------------+-----
Bows           | 5 6 7 8 |  8.2
Fighting       | 3 4 |  4.1
Stealth        | 1 |  1.0
Armour         | 1 |  1.4
Dodging        | |  2.3

Action                   |  1- 3 |  4- 6 || total
-------------------------+-------+-------++-------
 Fire: Shortbow          |   113 |   131 ||   244
  Use: Scroll            |     1 |       ||     1
       Potion            |       |     4 ||     4
Armor: Leather armour    |     7 |       ||     7
       Scale mail        |     1 |    13 ||    14
Dodge: Dodged            |    32 |    31 ||    63

Table legend: (Time is in decaauts)
 A = Elapsed time spent in this place.
 B = Non-inter-level travel time spent in this place.
 C = Inter-level travel time spent in this place.
 D = Time resting spent in this place.
 E = Time spent auto-exploring this place.
 F = Levels seen in this place.
 G = Mean time per level.
                   A        B        C        D        E       F      G
               +--------+--------+--------+--------+--------+-----+--------+
         Total |   3405 |   3245 |    160 |    505 |   2227 |   6 |  567.5 |
       Dungeon |   3387 |   3234 |    153 |    505 |   2226 |   5 |  677.4 |
        Temple |     17 |     10 |      7 |      0 |      1 |   1 |   17.0 |
               +--------+--------+--------+--------+--------+-----+--------+

Top non-repeatable levels by time:
     D:4: 1416 daAuts
     D:3: 778 daAuts
     D:1: 521 daAuts
     D:2: 513 daAuts
     D:5: 158 daAuts
  Temple: 17 daAuts
